AoeStats
← Pillage The Village

Hill Fort

506465578Analyzed
3v3 RM · 19d ago on Sep 13, 2026· 47m 40s· 6 players
Game mode
Random Map
Map size
Normal (6 player)
Population
200
Speed
Normal
Resources
Standard
Victory
Conquest
Starting age
Dark Age
Ending age
Imperial Age
RankedLock teamsTeams togetherTeam positionsShared explorationLock speedFull tech treeHidden civsTurbo modeCheats
Victory
Defeat
🇧🇪 Khmer · Belgium
1213
+8
🇧🇪 Mongols · Belgium
1077
+13
🇧🇪 Franks · Belgium
933
+18
🇩🇪 Teutons · Germany
1035
-14
🇺🇸 Cumans · United States
1026
-14
🇨🇿 Celts · Czechia
960
-11
rzR^
11:59 Feudal Age
13:03 Double-Bit Axe
13:00 Horse Collar
13:50 Gold Mining
15:43 Wheelbarrow
15:02 Loom
19:00 Castle Age
20:19 Scale Mail Armor
23:46 Bow Saw
28:45 Pikeman
31:03 Forging
30:59 Scale Barding Armor
31:18 Chain Mail Armor
33:42 Wheelbarrow
34:00 Heavy Plow
36:53 Coinage
37:03 Iron Casting
37:12 Gambesons
37:14 Arson
43:43 Imperial Age
41:30 Hand Cart
44:15 Halberdier
45:34 Plate Mail Armor
46:04 Blast Furnace
Red Death
8:20 Loom
11:43 Feudal Age
12:17 Horse Collar
12:24 Double-Bit Axe
21:16 Castle Age
20:02 Scale Barding Armor
20:40 Gold Mining
21:28 Wheelbarrow
21:14 Padded Archer Armor
21:31 Stone Mining
22:40 Leather Archer Armor
23:16 Fletching
23:50 Chain Barding Armor
23:58 Bow Saw
24:03 Town Watch
25:25 Gold Shaft Mining
26:52 Bloodlines
27:05 Ballistics
28:43 Thumb Ring
30:12 Bodkin Arrow
31:00 Masonry
31:53 Light Cavalry
37:36 Imperial Age
36:08 Capped Ram
38:05 Heavy Cavalry Archer
39:11 Parthian Tactics
RaumLogik
0:54 Loom
COMMANDER SANDER
9:33 Feudal Age
10:22 Double-Bit Axe
11:04 Horse Collar
13:02 Wheelbarrow
19:46 Castle Age
17:48 Gold Mining
20:07 Fletching
20:18 Padded Archer Armor
23:14 Bow Saw
24:04 Thumb Ring
24:52 Leather Archer Armor
24:33 Bodkin Arrow
27:04 Gold Shaft Mining
27:48 Hand Cart
30:46 Ballistics
30:30 Husbandry
30:40 Bloodlines
35:34 Stone Mining
38:59 Caravan
44:24 Imperial Age
44:42 Heavy Cavalry Archer
45:50 Parthian Tactics
45:41 Bracer
Pontifex Fakkulus
10:24 Feudal Age
13:50 Double-Bit Axe
19:21 Castle Age
18:09 Scale Barding Armor
19:36 Forging
23:22 Iron Casting
27:08 Chain Barding Armor
37:59 Imperial Age
35:25 Loom
35:26 Town Watch
38:07 Cavalier
38:50 Husbandry
40:54 Elite Throwing Axeman
47:20 Paladin
Pillage The Village
10:21 Feudal Age
10:38 Loom
14:59 Castle Age
13:24 Double-Bit Axe
20:47 Bow Saw
26:26 Horse Collar
28:13 Wheelbarrow
27:23 Town Watch
30:53 Imperial Age
30:24 Hand Cart
31:53 Ballistics
31:29 Murder Holes
31:45 Fortified Wall
31:52 Fletching
32:03 Padded Archer Armor
32:09 Heavy Plow
32:19 Gold Mining
32:20 Stone Mining
33:19 Bodkin Arrow
34:28 Chemistry
34:44 Bracer
34:57 Siege Engineers
35:00 Onager
37:25 Crop Rotation
37:32 Gold Shaft Mining
37:33 Stone Shaft Mining
38:04 Coinage
37:34 Caravan
39:26 Banking
46:35 Masonry
47:00 Forging
46:56 Scale Barding Armor
47:16 Town Patrol
48:04 Conscription
48:17 Bloodlines
48:08 Husbandry
Connection lost

Rejoining the realm…

Still unreachable

The connection could not be restored.

Session expired

The server has moved on; the page needs a fresh start.